DBL
CHARLOTTE KNIGHTS @ MILWAUKEE CREAMS
04/01/1997
 
TOP OF THE 1ST
Charlotte Knights batting - Pitching for Milwaukee Creams : RHP Wally Whitehurst
Pitching: RHP Wally Whitehurst
Batting: SHB Orlando Merced 0-0: Ball
1-0: Foul Ball, location: 2F
1-1: Ball
2-1: Called Strike
2-2: Ball
3-2: Ground out 3-1 (Groundball, 34, EV 105.0 MPH)
Batting: LHB Jason Giambi 0-0: Reached on error, E3 (Groundball, 34, EV 99.4 MPH)
Batting: SHB Carl Everett 0-0: Ball
1-0: Foul Ball, location: 2F
1-1: Called Strike
1-2: DOUBLE (Line Drive, 9LM, EV 101.3 MPH)
Jason Giambi to third
Batting: RHB Nomar Garciaparra 0-0: Called Strike
0-1: SINGLE (Line Drive, 4D, EV 95.0 MPH)
Jason Giambi scores
Carl Everett to third
Runner from 3rd tries for Home, SAFE, throw by CF to home
Batting: RHB Shane Mack 0-0: Called Strike
0-1: Ball
1-1: Foul Ball, location: 2F
1-2: Ball
2-2: Strikes out swinging
Batting: RHB Chuck Knoblauch 0-0: Called Strike
0-1: Called Strike
0-2: Ball
1-2: Fly out, F9 (Line Drive, 9, EV 84.4 MPH)
Top of the 1st over - 2 runs, 2 hits, 1 error, 1 left on base; Charlotte 2 - Milwaukee 0
BOTTOM OF THE 1ST
Milwaukee Creams batting - Pitching for Charlotte Knights : RHP Erik Hanson
Pitching: RHP Erik Hanson
Batting: LHB Tom Goodwin 0-0: Bunt missed!
0-1: Ball
1-1: Foul Ball, location: 2F
1-2: Ball
2-2: Foul Ball, location: 2F
2-2: Fly out, F4 (Popup, 4D, EV 36.3 MPH)
Batting: RHB Mark Loretta 0-0: Ball
1-0: Ball
2-0: Fly out, F9 (Flyball, 9, EV 95.0 MPH)
Batting: SHB Chipper Jones 0-0: Called Strike
0-1: SINGLE (Groundball, 5D, EV 96.9 MPH)
Batting: LHB Carlos Delgado 0-0: Foul Ball, location: 2F
0-1: Ball
1-1: Called Strike
1-2: Fielders Choice at 2nd, 6-4 (Groundball, 6, EV 105.0 MPH)
Bottom of the 1st over - 0 runs, 1 hit, 0 errors, 1 left on base; Charlotte 2 - Milwaukee 0
TOP OF THE 2ND
Charlotte Knights batting - Pitching for Milwaukee Creams : RHP Wally Whitehurst
Batting: RHB Mark Carreon 0-0: Ball
1-0: Fly out, F7 (Flyball, 7S, EV 93.8 MPH)
Batting: RHB Tony Batista 0-0: Called Strike
0-1: Called Strike
0-2: Ball
1-2: Strikes out swinging
Batting: RHB Todd Zeile 0-0: Called Strike
0-1: Ball
1-1: Ball
2-1: Swinging Strike
2-2: SOLO HOME RUN (Flyball, 9D, EV 98.8 MPH), Distance : 361 ft
Batting: SHB Orlando Merced 0-0: Ball
1-0: Foul Ball, location: 2F
1-1: Ball
2-1: Ball
3-1: Foul Ball, location: 2F
3-2: Base on Balls
Batting: LHB Jason Giambi 0-0: Ball
1-0: Swinging Strike
1-1: Ball
2-1: Fielders Choice at 2nd, U4 (Groundball, 4M, EV 86.3 MPH)
Top of the 2nd over - 1 run, 1 hit, 0 errors, 1 left on base; Charlotte 3 - Milwaukee 0
BOTTOM OF THE 2ND
Milwaukee Creams batting - Pitching for Charlotte Knights : RHP Erik Hanson
Batting: SHB Jorge Posada 0-0: Ball
1-0: Foul Ball, location: 2F
1-1: Ball
2-1: Ground out 4-3 (Groundball, 4, EV 78.8 MPH)
Batting: SHB Ken Caminiti 0-0: Called Strike
0-1: Ball
1-1: Foul Ball, location: 2F
1-2: Ground out 4-3 (Groundball, 4M, EV 106.3 MPH)
Batting: LHB John Elway 0-0: Called Strike
0-1: Foul Ball, location: 2F
0-2: Ball
1-2: Strikes out swinging
Bottom of the 2nd over - 0 runs, 0 hits, 0 errors, 0 left on base; Charlotte 3 - Milwaukee 0
TOP OF THE 3RD
Charlotte Knights batting - Pitching for Milwaukee Creams : RHP Wally Whitehurst
Batting: SHB Carl Everett 0-0: Called Strike
0-1: Ball
1-1: Ground out 4-3 (Groundball, 34D, EV 104.4 MPH)
Batting: RHB Nomar Garciaparra 0-0: Called Strike
0-1: Called Strike
0-2: Ball
1-2: Ball
2-2: Strikes out swinging
Batting: RHB Shane Mack 0-0: Foul Ball, location: 2F
0-1: Called Strike
0-2: Ball
1-2: Ball
2-2: Foul Ball, location: 2F
2-2: Ball
3-2: SINGLE (Line Drive, 56, EV 94.4 MPH)
Batting: RHB Chuck Knoblauch 0-0: Ball
1-0: Ball
2-0: Ball
3-0: Base on Balls
Shane Mack to second
Batting: RHB Mark Carreon 0-0: Foul Ball, location: 2F
0-1: Swinging Strike
0-2: Fly out, F8 (Flyball, 8RM, EV 73.8 MPH)
Top of the 3rd over - 0 runs, 1 hit, 0 errors, 2 left on base; Charlotte 3 - Milwaukee 0
BOTTOM OF THE 3RD
Milwaukee Creams batting - Pitching for Charlotte Knights : RHP Erik Hanson
Batting: SHB Gerald Young 0-0: Ball
1-0: Bunted foul
1-1: Ball
2-1: Ball
3-1: Ground out 1-3 (Groundball, 13S, EV 71.9 MPH)
Batting: RHB Rey Sanchez 0-0: Ball
1-0: Fly out, F8 (Flyball, 8LM, EV 88.8 MPH)
Batting: LHB Tom Goodwin 0-0: Swinging Strike
0-1: Ball
1-1: Swinging Strike
1-2: Strikes out swinging
Bottom of the 3rd over - 0 runs, 0 hits, 0 errors, 0 left on base; Charlotte 3 - Milwaukee 0
TOP OF THE 4TH
Charlotte Knights batting - Pitching for Milwaukee Creams : RHP Wally Whitehurst
Batting: RHB Tony Batista 0-0: Called Strike
0-1: Called Strike
0-2: Strikes out swinging
Batting: RHB Todd Zeile 0-0: Called Strike
0-1: Called Strike
0-2: Strikes out swinging
Batting: SHB Orlando Merced 0-0: Ball
1-0: Foul Ball, location: 2F
1-1: Ground out U3 (Groundball, 3, EV 93.8 MPH)
Top of the 4th over - 0 runs, 0 hits, 0 errors, 0 left on base; Charlotte 3 - Milwaukee 0
BOTTOM OF THE 4TH
Milwaukee Creams batting - Pitching for Charlotte Knights : RHP Erik Hanson
Batting: RHB Mark Loretta 0-0: DOUBLE (Line Drive, 89D, EV 110.0 MPH)
Batting: SHB Chipper Jones 0-0: Swinging Strike
0-1: Called Strike
0-2: Ball
1-2: Strikes out swinging
Batting: LHB Carlos Delgado 0-0: Foul Ball, location: 2F
0-1: Ground out 5-3 (Groundball, 56, EV 107.5 MPH)
Batting: SHB Jorge Posada 0-0: Ball
1-0: Ball
2-0: Called Strike
2-1: Called Strike
2-2: Fly out, F9 (Flyball, 89XD, EV 106.3 MPH)
Bottom of the 4th over - 0 runs, 1 hit, 0 errors, 1 left on base; Charlotte 3 - Milwaukee 0
TOP OF THE 5TH
Charlotte Knights batting - Pitching for Milwaukee Creams : RHP Wally Whitehurst
Batting: LHB Jason Giambi 0-0: Ball
1-0: Called Strike
1-1: Foul Ball, location: 2F
1-2: SINGLE (Flyball, 9LS, EV 90.6 MPH)
Batting: SHB Carl Everett 0-0: Ball
1-0: Foul Ball, location: 2F
1-1: Ground out U3 (Groundball, 3, EV 90.0 MPH)
Jason Giambi to second
Batting: RHB Nomar Garciaparra 0-0: Ball
1-0: Swinging Strike
1-1: Swinging Strike
1-2: Hit by Pitch
Batting: RHB Shane Mack 0-0: Called Strike
0-1: SINGLE (Flyball, 7S, EV 85.0 MPH)
Jason Giambi to third
Nomar Garciaparra to second
Runner from 3rd tries for Home, SAFE, throw by LF to home
Batting: RHB Chuck Knoblauch 0-0: Ball
1-0: DOUBLE (Line Drive, 78D, EV 108.8 MPH)
Nomar Garciaparra scores
Shane Mack to third
Runner from 3rd tries for Home, SAFE, throw by CF to home
Batting: RHB Mark Carreon 0-0: Fly out, F8 (Flyball, 78D, EV 100.6 MPH)
Batting: RHB Tony Batista 0-0: Foul Ball, location: 2F
0-1: Ball
1-1: Ground out 6-3 (Groundball, 6, EV 84.4 MPH)
Top of the 5th over - 3 runs, 3 hits, 0 errors, 1 left on base; Charlotte 6 - Milwaukee 0
BOTTOM OF THE 5TH
Milwaukee Creams batting - Pitching for Charlotte Knights : RHP Erik Hanson
Batting: SHB Ken Caminiti 0-0: Foul Ball, location: 2F
0-1: Foul Ball, location: 2F
0-2: Ball
1-2: Ball
2-2: SOLO HOME RUN (Flyball, 78XD, EV 100.0 MPH), Distance : 387 ft
Batting: LHB John Elway 0-0: DOUBLE (Line Drive, 9LS, EV 103.1 MPH)
Batting: SHB Gerald Young 0-0: Fly out, F8 (Flyball, 8RM, EV 79.4 MPH)
Batting: RHB Rey Sanchez 0-0: Foul Ball, location: 2F
0-1: Ground out 1-3 (Groundball, 34S, EV 85.6 MPH)
John Elway to third
Batting: LHB Tom Goodwin 0-0: Ball
1-0: Ball
2-0: Ball
3-0: Base on Balls
Batting: RHB Mark Loretta 0-0: Ball
1-0: Fielders Choice at 2nd, 5-4 (Groundball, 56, EV 101.3 MPH)
Bottom of the 5th over - 1 run, 2 hits, 0 errors, 2 left on base; Charlotte 6 - Milwaukee 1
TOP OF THE 6TH
Charlotte Knights batting - Pitching for Milwaukee Creams : RHP Wally Whitehurst
Batting: RHB Todd Zeile 0-0: Called Strike
0-1: Ground out 6-3 (Groundball, 6, EV 88.1 MPH)
Batting: SHB Orlando Merced 0-0: Called Strike
0-1: Swinging Strike
0-2: Ball
1-2: Ground out 6-3 (Groundball, 6MS, EV 80.0 MPH)
Batting: LHB Jason Giambi 0-0: Ball
1-0: Ball
2-0: Swinging Strike
2-1: Swinging Strike
2-2: Ground out 4-3 (Groundball, 4, EV 103.8 MPH)
Top of the 6th over - 0 runs, 0 hits, 0 errors, 0 left on base; Charlotte 6 - Milwaukee 1
BOTTOM OF THE 6TH
Milwaukee Creams batting - Pitching for Charlotte Knights : RHP Erik Hanson
Batting: SHB Chipper Jones 0-0: Called Strike
0-1: Ball
1-1: Ball
2-1: Ball
3-1: Swinging Strike
3-2: Strikes out swinging
Batting: LHB Carlos Delgado 0-0: Ball
1-0: Called Strike
1-1: Fly out, F7 (Line Drive, 7, EV 95.6 MPH)
Batting: SHB Jorge Posada 0-0: Called Strike
0-1: Ball
1-1: Ball
2-1: Foul Ball, location: 2F
2-2: Ball
3-2: Base on Balls
Batting: SHB Ken Caminiti 0-0: Ball
1-0: Ball
2-0: Ball
3-0: SINGLE (Groundball, 6D, EV 105.6 MPH)
Jorge Posada to second
Batting: LHB John Elway 0-0: Ball
1-0: Swinging Strike
1-1: Ball
2-1: Fly out, F8 (Flyball, 8LM, EV 91.3 MPH)
Bottom of the 6th over - 0 runs, 1 hit, 0 errors, 2 left on base; Charlotte 6 - Milwaukee 1
TOP OF THE 7TH
Charlotte Knights batting - Pitching for Milwaukee Creams : RHP Wally Whitehurst
Pitching: RHP Tommy Greene
Batting: SHB Carl Everett 0-0: Ground out 4-3 (Groundball, 4, EV 82.5 MPH)
Batting: RHB Nomar Garciaparra 0-0: Ball
1-0: Reached on error, E5 (Groundball, 5S, EV 90.6 MPH)
Batting: RHB Shane Mack 0-0: Ball
1-0: Ball
2-0: Called Strike
2-1: Called Strike
Nomar Garciaparra steals 2nd base
2-2: Strikes out looking
Batting: RHB Chuck Knoblauch 0-0: Called Strike
0-1: Ball
1-1: Ball
Wild Pitch!
Nomar Garciaparra to third
2-1: Ball
3-1: SINGLE (Line Drive, 56D, EV 106.9 MPH)
Nomar Garciaparra scores
Batting: RHB Mark Carreon 0-0: Ball
1-0: Swinging Strike
1-1: Fly out, F8 (Line Drive, 8RD, EV 93.1 MPH)
Top of the 7th over - 1 run, 1 hit, 1 error, 1 left on base; Charlotte 7 - Milwaukee 1
BOTTOM OF THE 7TH
Milwaukee Creams batting - Pitching for Charlotte Knights : RHP Erik Hanson
Batting: SHB Gerald Young 0-0: Foul Ball, location: 2F
0-1: Foul Ball, location: 2F
0-2: Strikes out swinging
Batting: RHB Rey Sanchez 0-0: SINGLE (Groundball, 34D, EV 103.8 MPH)
Batting: LHB Tom Goodwin 0-0: Ball
1-0: Swinging Strike
1-1: Called Strike
1-2: Fielders Choice at 2nd, 3-6 (Groundball, 3S, EV 85.6 MPH)
Batting: RHB Mark Loretta 0-0: Ball
Tom Goodwin steals 2nd base
1-0: Ball
2-0: Ball
3-0: Base on Balls
Batting: SHB Chipper Jones 0-0: Foul Ball, location: 2F
0-1: Ball
1-1: Foul Ball, location: 2F
1-2: SINGLE (Flyball, 8RS, EV 90.6 MPH)
Tom Goodwin to third
Mark Loretta to second
Runner from 3rd tries for Home, SAFE, no throw by CF
Batting: LHB Carlos Delgado 0-0: Ball
1-0: Ball
2-0: Ball
3-0: Base on Balls
Mark Loretta to third
Chipper Jones to second
Batting: SHB Jorge Posada 0-0: Foul Ball, location: 2F
0-1: Foul Ball, location: 2F
0-2: Strikes out looking
Bottom of the 7th over - 1 run, 2 hits, 0 errors, 3 left on base; Charlotte 7 - Milwaukee 2
TOP OF THE 8TH
Charlotte Knights batting - Pitching for Milwaukee Creams : RHP Tommy Greene
Batting: RHB Tony Batista 0-0: Called Strike
0-1: Ball
1-1: Called Strike
1-2: Ball
2-2: Ball
3-2: Strikes out looking
Batting: RHB Todd Zeile 0-0: Ball
1-0: Ball
2-0: SINGLE (Groundball, 5S, EV 60.6 MPH) (infield hit)
Batting: SHB Orlando Merced 0-0: Fly out, F8 (Flyball, 8RM, EV 91.3 MPH)
Batting: LHB Jason Giambi 0-0: Ball
1-0: Ball
2-0: Ball
3-0: Swinging Strike
3-1: Foul Ball, location: 2F
3-2: Ground out U3 (Groundball, 3, EV 107.5 MPH)
Top of the 8th over - 0 runs, 1 hit, 0 errors, 1 left on base; Charlotte 7 - Milwaukee 2
BOTTOM OF THE 8TH
Milwaukee Creams batting - Pitching for Charlotte Knights : RHP Erik Hanson
Batting: SHB Ken Caminiti 0-0: Ball
1-0: DOUBLE (Flyball, 8LXD, EV 88.8 MPH)
Pitching: RHP Matt Mantei
Batting: LHB John Elway 0-0: Swinging Strike
0-1: Ball
1-1: Ball
2-1: Ball
3-1: Foul Ball, location: 2F
3-2: Base on Balls
Batting: SHB Gerald Young 0-0: Called Strike
0-1: Ball
1-1: Called Strike
1-2: Ball
2-2: Fly out, F9 (Flyball, 9D, EV 90.6 MPH)
Runner from 2nd tags up, SAFE at 3rd with throw by RF
Batting: RHB Rey Sanchez 0-0: Ball
1-0: SINGLE (Line Drive, 5D, EV 107.5 MPH)
Ken Caminiti scores
John Elway to second
Batting: LHB Tom Goodwin 0-0: Fielders Choice at 2nd, 4-6 (Groundball, 4, EV 83.1 MPH)
John Elway to third
Batting: RHB Mark Loretta 0-0: Called Strike
0-1: Foul Ball, location: 2F
0-2: Ball
1-2: SINGLE (Groundball, 34D, EV 104.4 MPH)
John Elway scores
Tom Goodwin to second
Runner from 2nd tries for 3rd, OUT! 9-5
Bottom of the 8th over - 2 runs, 3 hits, 0 errors, 1 left on base; Charlotte 7 - Milwaukee 4
TOP OF THE 9TH
Charlotte Knights batting - Pitching for Milwaukee Creams : RHP Tommy Greene
Batting: SHB Carl Everett 0-0: Ball
1-0: Ball
2-0: Called Strike
2-1: Foul Ball, location: 2F
2-2: Fly out, F7 (Flyball, 7LMF, EV 76.9 MPH)
Batting: RHB Nomar Garciaparra 0-0: Called Strike
0-1: Foul Ball, location: 2F
0-2: Ball
1-2: Foul Ball, location: 2F
1-2: Ball
2-2: Ball
3-2: Ground out 1-3 (Groundball, 13, EV 80.0 MPH)
Batting: RHB Shane Mack 0-0: Foul Ball, location: 2F
0-1: Reached on error, E1 (Groundball, P, EV 83.8 MPH)
Batting: RHB Chuck Knoblauch 0-0: Intentional Walk
Batting: RHB Mark Carreon 0-0: Fly out, F7 (Flyball, 7LS, EV 78.1 MPH)
Top of the 9th over - 0 runs, 0 hits, 1 error, 2 left on base; Charlotte 7 - Milwaukee 4
BOTTOM OF THE 9TH
Milwaukee Creams batting - Pitching for Charlotte Knights : RHP Matt Mantei
Now at 1B: David Segui
Now at 3B: Neifi Perez
Now in CF: Ruben Rivera
Batting: SHB Chipper Jones 0-0: DOUBLE (Flyball, 89XD, EV 112.5 MPH)
Batting: LHB Carlos Delgado 0-0: Foul Ball, location: 2F
0-1: Swinging Strike
0-2: Ball
1-2: Ball
2-2: 2-RUN HOME RUN (Flyball, 7LD, EV 100.0 MPH), Distance : 353 ft
Pitching: RHP Tim Burke
Batting: SHB Jorge Posada 0-0: Ball
1-0: Fly out, F7 (Flyball, 7LMF, EV 100.6 MPH)
Batting: SHB Ken Caminiti 0-0: Called Strike
0-1: Swinging Strike
0-2: Ball
1-2: Ball
2-2: Ball
3-2: Foul Ball, location: 2F
3-2: Base on Balls
Batting: LHB John Elway 0-0: Foul Ball, location: 2F
0-1: Ball
1-1: Ball
2-1: Foul Ball, location: 2F
2-2: Strikes out swinging
Batting: SHB Gerald Young 0-0: Ball
1-0: Foul Ball, location: 2F
1-1: Ball
2-1: Foul Ball, location: 2F
2-2: Fielders Choice at 2nd, 6-4 (Groundball, 6, EV 101.9 MPH)
Bottom of the 9th over - 2 runs, 2 hits, 0 errors, 1 left on base; Charlotte 7 - Milwaukee 6
Tuesday, January 20th, 2026 - OOTP Baseball 20.8 Build 74